 Dungeon Crawl Stone Soup version 0.24-a0-479-g9a978d2 (webtiles) character file.

Game seed: 2103086352062424293

305 AcePleiades the Cudgeler (level 6, -2/37 HPs)
             Began as a Gargoyle Fighter on July 7, 2019.
             Slain by an ogre
             ... wielding a +0 giant spiked club
              (14 damage)
             ... on level 3 of the Dungeon.
             The game lasted 00:07:23 (2297 turns).

AcePleiades the Cudgeler (Gargoyle Fighter)         Turns: 2297, Time: 00:07:24

Health: -2/37      AC: 16    Str: 22    XL:     6   Next: 39%
Magic:  6/6        EV:  4    Int:  8    God:
Gold:   129        SH:  9    Dex:  9    Spells: 5/5 levels left

rFire    . . .     SeeInvis .   a - +1 flail
rCold    . . .     Gourm    .   c - +0 shield
rNeg     + . .     Faith    .   n - +0 plate armour (curse)
rPois    ∞         Spirit   .   (no helmet)
rElec    +         Reflect  .   (no cloak)
rCorr    .         Harm     .   (no gloves)
MR       .....                  (no boots)
Stlth    ..........             (no amulet)
HPRegen  0.12/turn              (no ring)
MPRegen  0.10/turn              (no ring)

@: no status effects
A: negative energy resistance 1, electricity resistance, unbreathing,
petrification resistance, rot immunity, AC +4
a: no special abilities


You were on level 3 of the Dungeon.
You were not hungry.

You visited 1 branch of the dungeon, and saw 4 of its levels.

You collected 129 gold pieces.

Inventory:

Hand Weapons
 a - a +1 flail (weapon)
Missiles
 g - 5 boomerangs (quivered)
Armour
 c - a +0 shield (worn)
 n - a cursed +0 plate armour (worn)
Jewellery
 k - an uncursed ring of fire {unknown}
Scrolls
 i - 3 scrolls of remove curse {unknown}
 l - 3 scrolls of teleportation
Potions
 b - 2 potions of curing
 d - a potion of might
 e - a potion of lignification
 j - a potion of degeneration {unknown}
 m - 2 potions of haste {unknown}
 o - a potion of brilliance {unknown}
Comestibles
 f - 10 rations
 h - 8 chunks of flesh


   Skills:
 - Level 3.2 Fighting
 * Level 5.9 Maces & Flails
 + Level 4.4 Armour
 - Level 3.2 Shields


You had 5 spell levels left.
You didn't know any spells.
Your spell library was empty.

Dungeon Overview and Level Annotations

Branches:
Dungeon (4/15)
 Temple: D:4-7

Altars:


Innate Abilities, Weirdness & Mutations

You are resistant to torment.
Your stone body is resilient. (AC +4)
You are immune to poison.
You resist negative energy. (rN+)
You are resistant to electric shocks. (rElec)
You can survive without breathing.
You are immune to petrification.
You are immune to rotting.


Message History

The jackal skeleton bites you but does no damage.
You thump the jackal skeleton!
You destroy the jackal skeleton!
No target in view!
No target in view!
An ogre comes into view. It is wielding a +0 giant spiked club.
The ogre shouts!
Found 25 bolts.
Your shield and plate armour prevent you from hitting the ogre.
The ogre hits you with a +0 giant spiked club!
A scorpion comes into view.
There is a stone staircase leading up here.
The ogre hits you with a +0 giant spiked club!
* * * LOW HITPOINT WARNING * * *
You climb upwards.
There is a stone staircase leading down here.
Okay, then.
Some of the chunks of flesh in your inventory have rotted away.
The ogre hits you with a +0 giant spiked club!
You die...

#......#.........##.##.#
#.##.#.#............##.#
#.##...#..........#.##.#
#<##...#..........#.##.#
#.###..#...............#
#.###..##########.######
#......# #.# #####.##
######.# #.# #...O@.#
#.######.######
#....>##.# #####.##.#
#....# ######


You could see an ogre.

Vanquished Creatures
  An orc priest (D:3)
  2 orc wizards
  An iguana (D:4)
  A worker ant (D:4)
  3 gnolls (D:3)
  3 adders
  An adder skeleton (D:3)
  2 worms
  5 dart slugs
  2 leopard geckos (D:2)
  10 orcs
  11 bats
  3 giant cockroaches
  9 goblins
  9 hobgoblins
  7 jackals
  11 frilled lizards
  A jackal skeleton (D:4)
  7 kobolds
  6 rats
95 creatures vanquished.

Notes
Turn   | Place    | Note
-------+----------+-------------------------------------------
     0 | D:1      | AcePleiades the Gargoyle Fighter began the quest for the
                  | Orb.
     0 | D:1      | Reached XP level 1. HP: 14/14 MP: 1/1
    98 | D:1      | Reached XP level 2. HP: 17/19 MP: 2/2
   106 | D:1      | Reached skill level 3 in Maces & Flails
   216 | D:1      | Reached XP level 3. HP: 23/23 MP: 3/3
   310 | D:1      | You fall into a shaft and drop 1 floor!
   819 | D:2      | Reached skill level 4 in Maces & Flails
   876 | D:2      | Reached XP level 4. HP: 28/28 MP: 4/4
  1523 | D:3      | Reached XP level 5. HP: 25/32 MP: 5/5
  1820 | D:3      | Reached skill level 5 in Maces & Flails
  2127 | D:4      | Reached XP level 6. HP: 29/37 MP: 6/6
  2297 | D:3      | Slain by an ogre

Levels and vault maps discovered:
D:1:      saegor_arrival_simple_b, layout_loops_ring
D:2:      layout_basic, chequers_decorated_corner, minmay_tromino_v4_a
D:3:      layout_loops_cross
D:4:      layout_loops_ring, first_ration, ashenzari_altar_1

Skill      XL: |  1  2  3  4  5 |
---------------+----------------+-----
Maces & Flails | 3 4 5 |  5.9
Armour         | 4 |  4.4
Fighting       | |  3.2
Shields        | |  3.2

Action                   |  1- 3 |  4- 6 || total
-------------------------+-------+-------++-------
Melee: Flail             |   159 |   198 ||   357
  Use: Scroll            |     1 |     9 ||    10
  Eat: Chunk             |       |     5 ||     5
Armor: Scale mail        |    70 |    29 ||    99
       Plate armour      |       |    85 ||    85
Dodge: Dodged            |    53 |    39 ||    92
Block: Shield            |    86 |    90 ||   176

Table legend:
 A = Non-vault XP
 B = Vault XP
 C = Vault XP percentage of total XP
 D = Non-vault monster count
 E = Vault monster count
 F = Vault count percentage of total count
                 A         B        C        D         E       F
            +---------+---------+-------+---------+---------+-------
      Total |     432 |       5 |   1.1 |      93 |       2 |   2.1
            +---------+---------+-------+---------+---------+-------
        D:1 |      50 |       0 |   0.0 |      27 |       0 |   0.0
        D:2 |      50 |       5 |   9.1 |      22 |       2 |   8.3
        D:3 |     188 |       0 |   0.0 |      30 |       0 |   0.0
        D:4 |     144 |       0 |   0.0 |      14 |       0 |   0.0
            +---------+---------+-------+---------+---------+-------
